 Dungeon Crawl Stone Soup version 0.31-a0-370-g25055926c8 (webtiles) character file.

Game seed: 11268633111445865558

1300202 seandewar5 the Ninja (level 25, 144/144 HPs)
             Began as a Spriggan Enchanter on June 29, 2023.
             Was a High Priest of Wu Jian.
             Escaped with the Orb
             ... and 3 runes on July 29, 2023!
             The game lasted 07:41:43 (121817 turns).

seandewar5 the Ninja (Spriggan Enchanter)         Turns: 121817, Time: 07:41:43

Health: 144/144    AC: 17    Str:  9    XL:     25   Next: 86%
Magic:  49/49      EV: 56    Int: 20    God:    Wu Jian [*****.]
Gold:   3023       SH: 17    Dex: 33    Spells: 27/67 levels left

rFire   + . .        A - +7 rapier (distort)
rCold   + + +        Z - +3 buckler {reflect}
rNeg    . . .        M - +4 troll leather armour
rPois   .            x - +2 hat {Will+}
rElec   +            U - +5 cloak "Rotison" {rElec Str+5}
rCorr   .            (gloves unavailable)
SInv    +            (boots unavailable)
Will    +++++        V - amulet of Ovuhehi {Reflect Rampage rC++ Int+3 SH+5}
Stlth   ++++         E - ring of Raocityz {rC+ Dex+6 Stlth+}
HPRegen 1.24/turn    l - ring of protection from fire
MPRegen 0.31/turn

%: reflection, rampage
@: studying 2 skills, very quick
A: very small, no large weapons, unfitting armour, see invisible, speed 3, wild
magic 1
0: Orb of Zot
}: 3/15 runes: serpentine, barnacled, silver
a: Renounce Religion, Wall Jump, Serpent's Lash, Heavenly Storm


You escaped.
You worshipped Wu Jian.
Wu Jian was extremely pleased with you.
You visited 9 branches of the dungeon, and saw 47 of its levels.
You visited 1 bazaar.
You also visited: Bailey and Ice Cave.

You collected 7234 gold pieces.
You spent 4211 gold pieces at shops.

Inventory:

Hand Weapons
 i - a +6 quick blade of electrocution
 A - a +7 rapier of distortion (weapon)
Missiles
 b - 13 curare-tipped darts
 u - 11 throwing nets
Armour
 x - a +2 hat of willpower (worn)
 M - a +4 troll leather armour (worn)
 U - the +5 cloak "Rotison" (worn) {rElec Str+5}
   (You found it on level 1 of the Vaults)

   Str:       It affects your strength (+5).
   rElec:     It insulates you from electricity.
 Z - a +3 buckler of reflection (worn)
Jewellery
 a - an amulet of guardian spirit
 c - a ring of flight
 l - a ring of protection from fire (right hand)
 o - the ring of Veodont {rF- AC+4 Slay+5}
   (You took it off an ironbound preserver on level 5 of the Vaults)

   [ring of protection]

   AC:        It affects your AC (+4).
   Slay:      It affects your accuracy & damage with ranged weapons and melee
   (+5).
   rF:        It makes you vulnerable to fire.
 E - the ring of Raocityz (left hand) {rC+ Dex+6 Stlth+}
   (You bought it in a shop in a bazaar)

   [ring of protection from cold]

   Dex:       It affects your dexterity (+6).
   rC:        It protects you from cold.
   Stlth:     It makes you more stealthy.
 H - a ring of poison resistance
 L - a +4 ring of protection
 V - the amulet of Ovuhehi (around neck) {Reflect Rampage rC++ Int+3 SH+5}
   (You acquired it on level 4 of the Vaults)

   [amulet of reflection]

   It reflects blocked missile attacks.
   Int:       It affects your intelligence (+3).
   rC:        It greatly protects you from cold.
   SH:        It affects your SH (+5).
   Rampage:   It bestows one free step when moving towards enemies.
Wands
 s - a wand of iceblast (62)
 B - a wand of acid (8)
 D - a wand of charming (54)
 O - a wand of mindburst (50)
 Q - a wand of digging (22)
 S - a wand of polymorph (35)
Scrolls
 e - 8 scrolls of blinking
 j - 13 scrolls of fog
 k - 10 scrolls of immolation
 m - 2 scrolls of silence
 p - 14 scrolls of teleportation
 r - 3 scrolls of summoning
 w - a scroll of enchant armour
 y - 6 scrolls of fear
 C - 8 scrolls of poison
 J - 5 scrolls of torment
 K - 3 scrolls of brand weapon
 X - 10 scrolls of vulnerability
Potions
 f - 17 potions of curing
 g - 7 potions of ambrosia
 h - a potion of resistance
 n - 13 potions of lignification
 q - 2 potions of haste
 t - 15 potions of heal wounds
 v - 2 potions of invisibility
 z - 2 potions of might
 F - 2 potions of brilliance
 G - 2 potions of cancellation
 I - a potion of berserk rage
 P - 3 potions of mutation
 R - 2 potions of enlightenment
 Y - 3 potions of magic
Miscellaneous
 d - a phantom mirror
 W - a phial of floods


   Skills:
 + Level 19.0 Fighting
 - Level 14.0 Short Blades
 + Level 6.5 Armour
 O Level 27 Dodging
 O Level 27 Stealth
 + Level 10.5 Shields
 * Level 21.6 Spellcasting
 * Level 22.6 Hexes
 - Level 8.0 Translocations
 - Level 2.0 Air Magic
 - Level 11.0 Evocations


You had 27 spell levels left.
You knew the following spells:

 Your Spells              Type           Power      Damage    Failure   Level
a - Ensorcelled Hibernat  Hex/Ice        100%       N/A       1%          2
b - Vhi's Electric Charg  Tloc/Air       100%       N/A       2%          3
c - Tukima's Dance        Hex            98%        N/A       1%          3
d - Enfeeble              Hex            49%        N/A       1%          7
e - Yara's Violent Unrav  Hex/Tmut       36%        3d15      1%          5
f - Anguish               Hex/Necr       36%        N/A       1%          4
g - Discord               Hex            49%        N/A       4%          8
z - Apportation           Tloc           100%       N/A       1%          1
B - Blink                 Tloc           100%       N/A       1%          2
P - Passwall              Tmut/Erth      23%        N/A       9%          2
S - Swiftness             Air            38%        N/A       8%          3

Your spell library contained the following spells:

 Spells                   Type           Power      Damage    Failure   Level
 Slow                     Hex            100%       N/A       1%          1
 Lesser Beckoning         Tloc           100%       N/A       1%          2
 Confusing Touch          Hex            98%        N/A       1%          3
 Dazzling Flash           Conj/Hex       100%       N/A       1%          3
 Inner Flame              Hex/Fire       72%        N/A       1%          3
 Portal Projectile        Hex/Tloc       100%       N/A       1%          3
 Summon Guardian Golem    Hex/Summ       72%        N/A       1%          3
 Cause Fear               Hex            49%        N/A       1%          4
 Fulminant Prism          Conj/Hex       36%        3d18      1%          4
 Leda's Liquefaction      Hex/Erth       36%        N/A       1%          4
 Metabolic Englaciation   Hex/Ice        36%        N/A       1%          5
 Silence                  Hex/Air        37%        N/A       1%          5
 Momentum Strike          Conj/Tloc      96%        3d10      2%          2
 Manifold Assault         Tloc           63%        N/A       2%          4
 Passage of Golubria      Tloc           63%        N/A       2%          4
 Shock                    Conj/Air       100%       1d9       4%          1
 Volatile Blastmotes      Fire/Tloc      96%        2d18      4%          3
 Foxfire                  Conj/Fire      100%       2x1d9     6%          1
 Kiss of Death            Conj/Necr      100%       2d13      6%          1
 Magic Dart               Conj           100%       1d8       6%          1
 Sting                    Tmut/Pois      100%       1d8       6%          1
 Summon Small Mammal      Summ           100%       N/A       6%          1
 Static Discharge         Conj/Air       66%        2-5/arc   6%          2
 Cigotuvi's Dreadful Rot  Necr/Pois/Air  62%        N/A       7%          2
 Searing Ray              Conj           56%        2d6       9%          2
 Sublimation of Blood     Necr           28%        N/A       9%          2
 Wereblood                Tmut           28%        N/A       9%          2
 Iskenderun's Mystic Bla  Conj/Tloc      48%        2d11      11%         4
 Call Canine Familiar     Summ           28%        N/A       16%         3
 Frozen Ramparts          Ice            56%        1d9       16%         3
 Ignite Poison            Fire/Tmut/Pois 28%        N/A       16%         3
 Stone Arrow              Conj/Erth      56%        3d10      16%         3
 Vampiric Draining        Necr           28%        2d8       16%         3
 Airstrike                Air            19%        2d(3-19)  22%         4
 Summon Forest            Summ/Tloc      24%        N/A       28%         5
 Summon Lightning Spire   Summ/Air       33%        N/A       32%         4
 Animate Armour           Summ/Erth      56%        N/A       45%         4
 Dispel Undead            Necr           28%        3d13      45%         4
 Flame Wave               Conj/Fire      28%        2d9       45%         4
 Olgreb's Toxic Radiance  Pois           28%        N/A       45%         4
 Petrify                  Tmut/Erth      28%        N/A       45%         4
 Sticky Flame             Conj/Fire      28%        2d5       45%         4
 Summon Ice Beast         Ice/Summ       28%        N/A       45%         4
 Arcjolt                  Conj/Air       16%        1d26      65%         5
 Freezing Cloud           Conj/Ice/Air   15%        6-21      69%         5
 Alistair's Intoxication  Tmut/Pois      18%        N/A       78%         5
 Borgnjor's Vile Clutch   Necr/Erth      14%        N/A       78%         5
 Fireball                 Conj/Fire      14%        3d8       78%         5
 Irradiate                Conj/Tmut      14%        3d16      78%         5
 Lee's Rapid Deconstruct  Erth           14%        3d9*      78%         5
 Plasma Beam              Fire/Air       16%        2x1d28    99%         6
 Death Channel            Necr           14%        N/A       100%        6
 Eringya's Noxious Bog    Tmut/Pois      14%        4d6       100%        6
 Leda's Unmaking          Conj/Erth      14%        9d3       100%        6
 Starburst                Conj/Fire      14%        6d6       100%        6
 Summon Cactus Giant      Summ           14%        N/A       100%        6
 Malign Gateway           Summ/Tloc      24%        N/A       100%        7
 Monstrous Menagerie      Summ           14%        N/A       100%        7
 Orb of Destruction       Conj           14%        9d7       100%        7
 Spellforged Servitor     Conj/Summ      14%        N/A       100%        7
 Summon Hydra             Summ           14%        N/A       100%        7
 Ignition                 Fire           14%        3d6       100%        8
 Lehudib's Crystal Spear  Conj/Erth      14%        10d5      100%        8
 Maxwell's Capacitive Co  Air            19%        ∞         100%        8
 Summon Horrible Things   Summ           14%        N/A       100%        8
 Chain Lightning          Conj/Air       16%        3d22      100%        9
 Dragon's Call            Summ           14%        N/A       100%        9
 Fire Storm               Conj/Fire      14%        8d4       100%        9
 Shatter                  Erth           14%        3d14*     100%        9


Dungeon Overview and Level Annotations

Branches:
Dungeon (15/15)            Temple (0/1) D:7            Lair (5/5) D:11
 Shoals (4/4) Lair:3        Snake (4/4) Lair:3        Slime (0/5) Lair:5
    Orc (2/2) D:11            Elf (3/3) Orc:2        Vaults (5/5) D:14
  Crypt (0/3) Vaults:2     Depths (4/4) D:15            Zot (5/5) Depths:4
 Bailey (visited)           IceCv (visited)

Altars:
Ashenzari
Cheibriados
Makhleb
Nemelex Xobeh
Trog
Vehumet
Wu Jian
Yredelemnul
Zin
The Shining One
Jiyva
Lugonu

Shops:
D:14 *   Orc:2 [:*(   Elf:1 :?!:*   Snake:1 !(   Vaults:1 (   Vaults:2 [
Depths:2 !   Depths:3 *((

Portals:
Hell: Depths:1 Depths:2 Depths:3 Depths:4
Abyss: Depths:2 Depths:3 Depths:4
Pandemonium: Depths:2
Ziggurat: Depths:4
Trove: D:13 (show abyssal rune of Zot)

Annotations:
D:1 exclusion: downstairs
D:4 exclusion: downstairs
D:9 exclusion: 2 downstairs
D:10 exclusion: 2 downstairs
D:14 exclusion: downstairs
Snake:1 exclusion: 2 downstairs
Elf:1 exclusion: downstairs
Vaults:4 exclusion: 2 downstairs
Depths:3 1 runed translucent door, Morbidden's ghost, veteran DsSh
Zot:1 6 transporters
Zot:2 5 transporters, 3 runed translucent doors, Sisiakhle's ghost, legendary KoDe
Abyss:1 Arghirug's ghost, adept HOFi; Bai Suzhen; Donald; Mlioglotl; Tiamat


Innate Abilities, Weirdness & Mutations

You are very small and have problems with some larger weapons.
You are too small for most types of armour.
You have supernaturally acute eyesight. (SInv)
You cover ground extremely quickly. (Speed+++)
Your spells are a little harder to cast, but a little more powerful.


Message History

There is a stone staircase leading down here.
There is a stone staircase leading up here.
You climb upwards.
There is a stone staircase leading down here.
There is a stone staircase leading up here.
You climb upwards.
There is a stone staircase leading down here.
A sixfirhy comes into view.
You can't go up here!
The sixfirhy completely misses you.
You spin and attack the sixfirhy.
You puncture the sixfirhy!
Space warps around the sixfirhy.
The sixfirhy is heavily wounded.
You block the sixfirhy's attack. The sixfirhy completely misses you.
You block the sixfirhy's attack.
The sixfirhy hits you but does no damage.
There is a stone staircase leading up here.
You climb upwards.
Level annotation: exclusion: downstairs
There is a stone staircase leading down here.
A sixfirhy is nearby!
You closely miss the sixfirhy.
The sixfirhy is moderately wounded.
You puncture the sixfirhy!
The sixfirhy is devoured by a tear in reality.
A toenail golem comes into view.
You puncture the toenail golem!
The toenail golem is devoured by a tear in reality.
Aiming: Dig
Press: ? - help, Shift-Dir - straight line A rock wall.
This square is covered in magical glow.
The rock shatters into small pieces.
Aiming: Dig
Press: ? - help, Shift-Dir - straight line A rock wall.
This square is covered in magical glow.
The rock shatters into small pieces.
There is a staircase leading out of the dungeon here.
You have escaped!

#########.#.# #.#
##..# #.#
###########.## #.#
.............#####.#
.####..............#
.# #.########.#####
.# #.# ##.# .# #.#
### #.## .####.#
#.###.@#
......######.##.##
####............#
#............##
#......#.#.#..#
####..######.># ####
####


There were no monsters in sight!

Vanquished Creatures
  3 dread liches
  An ancient lich (Zot:5)
  2 orbs of fire (Zot:5)
  2 juggernauts
  Vv (Zot:2)
  3 Killer Klowns (Zot:5)
  4 golden dragons
  2 electric golems
  8 tentacled monstrosities
  3 deep elf blademasters (Elf:3)
  The ghost of Jounuxep the Imperceptible, an adept KoGl of Gozag (Depths:3)
  3 liches
  3 titans (Vaults:5)
  Asterion (Snake:3)
  20 Orb Guardians
  A deep elf master archer (Elf:3)
  9 death cobs
  2 quicksilver dragons
  Polyphemus (Shoals:2)
  Gastronok (D:8)
  8 shadow dragons
  4 tengu reavers
  6 draconian monks
  6 sphinxes
  5 nagarajas
  9 storm dragons
  Kirke (D:15)
  Roxanne (Elf:2)
  8 draconian knights
  12 deep elf sorcerers
  5 fire giants
  A balrug (Depths:1)
  6 frost giants
  11 draconian scorchers
  An iron dragon (Vaults:5)
  10 vault wardens
  Aizul (Snake:2)
  8 draconian stormcallers
  6 deep elf elementalists (Elf:3)
  3 ghost moths
  19 ironbound preservers
  2 orc warlords
  5 draconian annihilators
  8 draconian shifters
  3 war gargoyles
  A formless jellyfish (Vaults:4)
  13 stone giants
  5 spriggan defenders
  6 ironbound thunderhulks
  3 vampire knights (Depths:2)
  4 very ugly things (Vaults:5)
  An eleionoma (shapeshifter) (Elf:3)
  4 demonspawn black suns (Zot:4)
  9 dire elephants
  Nessos (Orc:2)
  The ghost of Essalna the Arsonist, a journeyman TeFE of Vehumet (Lair:5)
  The ghost of Piudghapt the Unseen, a journeyman SpBr (Depths:3)
  3 deep elf demonologists (Elf:1)
  13 black draconians
  10 deep elf annihilators
  12 green draconians
  10 purple draconians
  10 red draconians
  7 white draconians
  6 yellow draconians
  An eidolon (Vaults:2)
  3 minotaurs
  6 deep elf death magi
  Josephine (Snake:1)
  6 ettins
  4 jiangshi
  2 fire dragons (Depths:3)
  8 deep elf high priests
  9 merfolk impalers
  A merfolk javelineer (Depths:1)
  5 great orbs of eyes
  23 vault guards
  18 yaktaur captains
  6 hydras
  A juggernaut simulacrum (Depths:3)
  5 ogre magi
  4 spriggan air magi
  A salamander tyrant (Snake:4)
  5 ice dragons
  11 centaur warriors
  9 ironbound frosthearts
  3 catoblepae
  A peacekeeper (Vaults:4)
  3 merfolk avatars
  2 merfolk aquamancers
  12 satyrs
  An alligator snapping turtle (Shoals:2)
  A death knight (D:13)
  4 boulder beetles
  22 dancing weapons
  10 naga warriors
  13 two-headed ogres
  8 deep troll shamans
  8 anacondas
  5 tengu warriors
  11 spriggan berserkers
  11 death yaks
  9 deep troll earth magi
  10 shock serpents
  5 vampire magi
  4 orc high priests (Orc:2)
  A shock serpent (shapeshifter) (Elf:1)
  20 deep elf knights
  Urug (Lair:3)
  13 naga sharpshooters
  A sun demon (Depths:1)
  2 spriggans (Depths:2)
  A skyshark (shapeshifter) (Vaults:1)
  Nergalle (Orc:2)
  6 hell knights
  4 salamander mystics (Snake:4)
  A sixfirhy (D:9)
  A skeletal warrior (D:15)
  A spark wasp zombie (D:15)
  5 skysharks
  10 iron trolls
  7 sea snakes
  A spriggan druid (Elf:1)
  A tengu zombie (D:15)
  61 deep trolls
  4 glowing orange brains
  A flayed ghost (Depths:4)
  A shadow dragon zombie (Vaults:1)
  11 deep elf archers
  16 ironbound convokers
  5 naga ritualists
  8 phantasmal warriors
  6 wizards
  27 deep elf zephyrmancers
  6 orc knights
  27 deep elf pyromancers
  6 necromancers
  5 lindwurms
  A fire giant zombie (Vaults:2)
  8 mana vipers
  14 harpies
  5 orc sorcerers
  12 manticores
  5 cyclopes
  9 salamanders
  A manticore (shapeshifter) (Vaults:2)
  39 ugly things
  13 fauns
  21 moths of wrath
  A moth of wrath (shapeshifter) (Vaults:5)
  Joseph (D:8)
  A stone giant skeleton (D:15)
  A smoke demon (Depths:1)
  14 vault sentinels
  8 elephants
  6 guardian serpents
  12 naga magi
  30 black mambas
  A frost giant skeleton (Vaults:1)
  8 merfolk sirens
  9 cane toads
  A gargoyle (D:14)
  4 water nymphs
  A komodo dragon (shapeshifter) (D:13)
  5 freezing wraiths
  2 ice devils (Orc:1)
  4 komodo dragons
  26 yaktaurs
  7 rime drakes
  4 tengu conjurers
  2 kobold demonologists (Bailey)
  26 merfolk
  2 wind drakes
  9 trolls
  12 blink frogs
  3 hornets
  3 polar bears
  An ettin zombie (Vaults:2)
  A jumping spider (shapeshifter) (Elf:3)
  5 snapping turtles
  5 dream sheep (Shoals:3)
  A centaur simulacrum (D:15)
  10 wyverns
  23 slime creatures
  A vampire (D:9)
  An air elemental (Elf:3)
  8 wraiths
  An ettin skeleton (Depths:1)
  21 water elementals
  A wyvern (shapeshifter) (Depths:4)
  10 basilisks
  3 fire elementals
  34 yaks
  7 humans (D:14)
  Eustachio (D:6)
  4 hogs (D:15)
  9 vampire mosquitoes
  3 steam dragons
  7 wargs
  35 nagas
  A human skeleton (D:15)
  15 water moccasins
  2 acid dragons
  30 orc warriors
  A floating eye (Depths:4)
  An ice beast (D:6)
  3 black bears
  6 ogres
  24 wolves
  A boggart (Vaults:1)
  12 centaurs
  5 kobold brigands
  4 scorpions
  12 bullfrogs
  3 earth elementals (Elf:3)
  A gnoll sergeant (D:5)
  A cane toad simulacrum (IceCv)
  11 wights
  21 killer bees
  6 electric eels (Bailey)
  A human simulacrum (Vaults:1)
  4 howler monkeys
  A hound (D:5)
  A gnoll bouda (D:9)
  9 orc priests
  An iron imp (D:3)
  4 iguanas
  3 sleepcaps
  Natasha (thrice) (D:2)
  22 orc wizards
  12 hell rats
  A polar bear simulacrum (IceCv)
  A wolf simulacrum (IceCv)
  20 gnolls
  8 adders
  2 shadow imps
  3 white imps
  An ufetubus (D:4)
  2 worms (D:5)
  5 dart slugs
  58 orcs
  2 bats (D:2)
  8 endoplasms
  5 giant cockroaches
  13 goblins
  19 hobgoblins
  11 jackals
  6 quokkas
  10 ball pythons
  6 frilled lizards
  30 kobolds
  4 rats
1832 creatures vanquished.

Vanquished Creatures (collateral kills)
  2 Orb Guardians (Zot:5)
  A two-headed ogre (D:15)
  3 naga sharpshooters
  A skeletal warrior (D:15)
  A naga ritualist (Snake:4)
  A merfolk siren (Shoals:4)
  2 yaktaurs (Vaults:1)
  A merfolk (Shoals:4)
  A basilisk (D:11)
  A human (D:14)
  5 nagas
  3 orc warriors (Orc:2)
  An ogre (Orc:2)
  A centaur (D:13)
  A gnoll sergeant (D:11)
  A wight (D:9)
  A gnoll (D:11)
  An orc (Orc:2)
28 creatures vanquished.

Vanquished Creatures (others)
  Xtahua (Vaults:5)
  An Orb Guardian (Zot:5)
  A vault warden (Vaults:4)
  2 draconian stormcallers
  A red draconian (Zot:4)
  A yaktaur captain (Vaults:2)
  A deep troll (Depths:4)
  An ugly thing (Depths:1)
  A gargoyle (D:11)
  A spriggan zombie (Depths:1)
  33 dancing weapons
44 creatures vanquished.

Grand Total: 1904 creatures vanquished

Notes
Turn   | Place    | Note
-------+----------+-------------------------------------------
     0 | D:1      | seandewar5 the Spriggan Enchanter began the quest for the
                  | Orb.
     0 | D:1      | Reached XP level 1. HP: 9/9 MP: 5/5
   447 | D:1      | Reached XP level 2. HP: 14/14 MP: 6/6
   513 | D:1      | Learned a level 2 spell: Ensorcelled Hibernation
   676 | D:1      | Reached skill level 1 in Fighting
   988 | D:1      | Reached XP level 3. HP: 18/18 MP: 8/8
  1831 | D:2      | Noticed Natasha
  1972 | D:2      | Killed Natasha
  1973 | D:2      | Reached XP level 4. HP: 21/22 MP: 4/9
  2239 | D:2      | Reached skill level 5 in Stealth
  2650 | D:2      | Noticed Natasha
  2951 | D:2      | Reached XP level 5. HP: 26/26 MP: 10/10
  3337 | D:2      | Killed Natasha
  3347 | D:2      | Noticed Natasha
  3357 | D:2      | Killed Natasha
  3955 | D:3      | Learned a level 2 spell: Blink
  3957 | D:3      | Found an ornate altar of the Wu Jian Council.
  4096 | D:3      | Found a snail-covered altar of Cheibriados.
  4292 | D:3      | Reached XP level 6. HP: 30/30 MP: 4/11
  4762 | D:4      | Reached skill level 5 in Short Blades
  5223 | D:4      | Found a basalt altar of Yredelemnul.
  5357 | D:3      | Became a worshipper of the Wu Jian Council
  5578 | D:4      | Identified the +2 quarterstaff "Cigeeto" {protect, Int+2
                  | SInv}
  5836 | D:5      | Entered Level 5 of the Dungeon
  5836 | D:5      | Noticed a hornet
  5838 | D:5      | Killed a hornet
  5839 | D:5      | Reached XP level 7. HP: 36/36 MP: 12/12
  6282 | D:5      | Identified the +1 dagger "Luofahuo" {flame, rElec rF+ rN++
                  | Int-5}
  6316 | D:5      | Found a radiant altar of Vehumet.
  7100 | D:6      | Reached * piety under Wu Jian
  7214 | D:6      | Reached XP level 8. HP: 42/42 MP: 4/13
  7354 | D:6      | Found a glowing golden altar of the Shining One.
  7424 | D:6      | Found a sparkling altar of Nemelex Xobeh.
  7446 | D:6      | Noticed Eustachio
  7448 | D:6      | Killed Eustachio
  8330 | D:6      | Found a glowing golden altar of the Shining One.
  8392 | D:6      | Found a sparkling altar of Nemelex Xobeh.
  8517 | D:7      | Found a staircase to the Ecumenical Temple.
  8543 | D:7      | Identified the +6 chain mail "Qyenged" {Will++ Str-5 Int+2}
  8683 | D:7      | Identified the +8 quarterstaff "Xuobi" {drain, rPois rN+
                  | Str+2 Stlth-}
  9397 | D:7      | Found a flagged portal.
  9407 | Bailey   | Entered a bailey
  9448 | Bailey   | Reached ** piety under Wu Jian
  9740 | Bailey   | Reached XP level 9. HP: 46/46 MP: 9/14
  9876 | Bailey   | Reached skill level 10 in Stealth
 10099 | Bailey   | Reached skill level 5 in Fighting
 10111 | Bailey   | Identified the +1 scale mail of Privacy {SInv}
 10200 | Bailey   | Noticed an orc knight
 10203 | Bailey   | Killed an orc knight
 10204 | Bailey   | Reached skill level 10 in Short Blades
 10252 | Bailey   | Found an iron altar of Okawaru.
 10254 | Bailey   | Noticed a kobold demonologist
 10390 | Bailey   | Acquired the +0 quick blade of Obiter Dictum {freeze, rC+++
                  | Str+3 Dex+2 Stlth+}
 10603 | Bailey   | Identified the +7 flail of Summer {speed, rF- Str+6}
 10803 | Bailey   | Killed a kobold demonologist
 10812 | Bailey   | Reached skill level 5 in Dodging
 10919 | Bailey   | Noticed a kobold demonologist
 11086 | Bailey   | Killed a kobold demonologist
 11383 | D:8      | Noticed Gastronok
 11680 | D:8      | Noticed Joseph
 11727 | D:7      | Reached XP level 10. HP: 25/48 MP: 15/15
 12056 | D:7      | Found a staircase to the Ecumenical Temple.
 12902 | D:7      | Found a staircase to the Ecumenical Temple.
 13478 | D:9      | Noticed a two-headed ogre
 13919 | D:8      | Reached *** piety under Wu Jian
 14244 | D:8      | Killed Joseph
 14730 | D:9      | Learned a level 3 spell: Tukima's Dance
 14767 | D:9      | Killed a two-headed ogre
 16102 | D:9      | Found a burning altar of Makhleb.
 16420 | D:9      | Noticed a blizzard demon
 16421 | D:9      | Found a glowing silver altar of Zin.
 16422 | D:9      | Noticed an angel
 16448 | D:9      | Reached XP level 11. HP: 56/56 MP: 10/16
 16493 | D:9      | Learned a level 3 spell: Swiftness
 17803 | D:10     | Entered Level 10 of the Dungeon
 18412 | D:10     | Reached skill level 5 in Hexes
 19146 | D:11     | Found a staircase to the Lair.
 19332 | D:11     | Reached skill level 10 in Dodging
 19629 | D:11     | Found a staircase to the Orcish Mines.
 20428 | D:11     | Found a staircase to the Lair.
 20599 | D:11     | Found a staircase to the Orcish Mines.
 20678 | D:11     | Noticed a skeletal warrior
 20842 | Lair:1   | Entered Level 1 of the Lair of Beasts
 21215 | Lair:1   | Reached skill level 15 in Stealth
 22035 | Lair:2   | Noticed a skyshark
 22053 | Lair:2   | Reached XP level 12. HP: 61/61 MP: 19/19
 22601 | Lair:3   | Noticed a five-headed hydra
 22605 | Lair:3   | Killed a five-headed hydra
 23254 | Lair:3   | Found a staircase to the Snake Pit.
 23779 | Lair:3   | Reached skill level 10 in Hexes
 24438 | Lair:3   | Noticed a six-headed hydra
 24872 | Lair:3   | Killed a six-headed hydra
 25072 | Lair:2   | Reached **** piety under Wu Jian
 25629 | Lair:3   | Noticed Urug
 25708 | Lair:3   | Killed Urug
 25746 | Lair:3   | Found a staircase to the Shoals.
 25754 | Lair:3   | Reached XP level 13. HP: 65/65 MP: 20/20
 25924 | Lair:3   | Identified the +3 halberd "Ageubleji" {protect, rPois rC-
                  | Str+3}
 26101 | Lair:4   | Reached skill level 5 in Spellcasting
 26731 | Lair:4   | Found a broken altar of Ashenzari.
 27048 | Lair:5   | Entered Level 5 of the Lair of Beasts
 27553 | Lair:4   | Found a broken altar of Ashenzari.
 28122 | Lair:5   | Found a staircase to the Slime Pits.
 28250 | Lair:5   | Found a viscous altar of Jiyva.
 28576 | Lair:5   | Found a runed translucent door.
 28576 | Lair:5   | Noticed Essalna's ghost (journeyman TeFE)
 29599 | Lair:4   | Found a broken altar of Ashenzari.
 30214 | Lair:4   | Learned a level 2 spell: Passwall
 30340 | D:12     | Reached skill level 1 in Translocations
 30340 | D:12     | Reached XP level 14. HP: 70/70 MP: 27/27
 30900 | D:12     | Reached skill level 1 in Air Magic
 31591 | D:12     | Learned a level 3 spell: Vhi's Electric Charge
 31647 | Orc:1    | Entered Level 1 of the Orcish Mines
 31741 | Orc:1    | Reached skill level 5 in Translocations
 31936 | Orc:1    | Found a frozen archway.
 32555 | IceCv    | Entered an ice cave
 32870 | Orc:2    | Entered Level 2 of the Orcish Mines
 32952 | Orc:2    | Noticed Nergalle
 32954 | Orc:2    | Noticed an orc warlord
 33858 | Orc:2    | Killed Nergalle
 34213 | Orc:2    | Killed an orc warlord
 34273 | Orc:2    | Found Beryom's Book Emporium.
 34401 | Orc:2    | Found Rousuisu's Antique Armour Emporium.
 34405 | Orc:2    | Found Lizuydewk's General Store.
 34564 | Orc:2    | Found a staircase to the Elven Halls.
 34640 | Orc:2    | Found Qeem's Antique Weapon Emporium.
 34646 | Orc:2    | Bought a glowing short sword for 120 gold pieces
 34646 | Orc:2    | Bought a twisted dagger for 140 gold pieces
 34646 | Orc:2    | Identified the +4 dagger "Inizxeu" {holy, rElec Str+2
                  | Int+3} (You bought it in a shop on level 2 of the Orcish
                  | Mines)
 34725 | Orc:2    | Noticed Nessos
 34736 | Orc:2    | Killed Nessos
 34737 | Orc:2    | Reached skill level 10 in Spellcasting
 34961 | Orc:2    | Bought the +1 cloak of Quick New Discoveries {rC+} for 305
                  | gold pieces
 34966 | Orc:2    | Bought a potion of curing for 39 gold pieces
 34966 | Orc:2    | Bought a potion of heal wounds for 65 gold pieces
 34966 | Orc:2    | Bought a scroll of fear for 52 gold pieces
 34966 | Orc:2    | Bought a scroll of brand weapon for 123 gold pieces
 35086 | D:13     | Found a portal to a secret trove of treasure.
 36504 | D:14     | Found Agguihem's CLEARANCE SALE!.
 36509 | D:14     | Bought a potion of heal wounds for 25 gold pieces
 36509 | D:14     | Bought a scroll of teleportation for 15 gold pieces
 36648 | D:14     | Reached skill level 15 in Dodging
 36942 | D:14     | Found a gate to the Vaults.
 36979 | D:14     | Reached XP level 15. HP: 75/75 MP: 22/30
 37395 | D:15     | Entered Level 15 of the Dungeon
 37721 | Shoals:1 | Entered Level 1 of the Shoals
 39009 | Shoals:1 | Reached skill level 1 in Shields
 39973 | Shoals:2 | Noticed Polyphemus
 39982 | Shoals:2 | Killed Polyphemus
 40407 | Shoals:2 | Identified the +2 leather armour "Niecser" {rCorr Int-2
                  | SInv}
 40979 | Shoals:3 | Found a runed translucent door.
 41144 | Shoals:3 | Identified the +7 hand axe "Ryivoh" {heavy, Int+5 Dex-5}
 41336 | Shoals:3 | Reached XP level 16. HP: 80/80 MP: 28/31
 42743 | Shoals:4 | Entered Level 4 of the Shoals
 43042 | Shoals:4 | Noticed Bai Suzhen
 43266 | Orc:2    | Bought a phantom mirror for 520 gold pieces
 43440 | Snake:1  | Entered Level 1 of the Snake Pit
 44147 | Snake:1  | Found Cizorhopo's Distillery.
 44151 | Snake:1  | Found Urriykk's Weapon Emporium.
 44155 | Snake:1  | Bought a potion of berserk rage for 55 gold pieces
 44155 | Snake:1  | Bought a potion of berserk rage for 55 gold pieces
 44155 | Snake:1  | Bought a potion of haste for 110 gold pieces
 44155 | Snake:1  | Bought a potion of heal wounds for 55 gold pieces
 44164 | Snake:1  | Bought a potion of magic for 88 gold pieces
 44476 | Snake:1  | Reached skill level 5 in Shields
 45208 | Snake:1  | Noticed Josephine
 45214 | Snake:1  | Killed Josephine
 45310 | Snake:2  | Noticed Mlioglotl
 45816 | Snake:2  | Noticed Aizul
 45823 | Snake:2  | Killed Aizul
 46176 | Snake:1  | Found Urriykk's Weapon Emporium.
 46279 | Snake:1  | Found Cizorhopo's Distillery.
 47430 | D:14     | Found Agguihem's CLEARANCE SALE!.
 47544 | D:14     | Found a gate to the Vaults.
 47996 | D:15     | Found a sparkling altar of Nemelex Xobeh.
 49326 | D:15     | Found a staircase to the Depths.
 50202 | D:15     | Noticed Kirke
 50380 | D:15     | Upgraded the game from 0.31-a0-210-gccc998df9b to
                  | 0.31-a0-370-g25055926c8
 50709 | D:8      | Killed Gastronok
 51796 | Snake:2  | Reached XP level 17. HP: 87/87 MP: 32/32
 52107 | Snake:3  | Noticed Asterion
 52123 | Snake:3  | Killed Asterion
 52207 | Snake:3  | Found a flickering gateway to a bazaar.
 52213 | Bazaar   | Entered a bazaar
 52218 | Bazaar   | Found Pioduet's Magic Scroll Emporium.
 52219 | Bazaar   | Found Boheynua's Weapon Shop.
 52226 | Bazaar   | Bought a scroll of enchant armour for 75 gold pieces
 52226 | Bazaar   | Bought a scroll of blinking for 75 gold pieces
 52226 | Bazaar   | Bought a scroll of teleportation for 30 gold pieces
 52226 | Bazaar   | Bought a scroll of fear for 40 gold pieces
 52256 | Bazaar   | Found Renamn's Armour Shoppe.
 52264 | Bazaar   | Found Keuv Dav's Jewellery Boutique.
 52272 | Bazaar   | Bought the ring of Raocityz {rC+ Dex+6 Stlth+} for 474 gold
                  | pieces
 54799 | Snake:4  | Entered Level 4 of the Snake Pit
 57651 | Snake:4  | Reached skill level 10 in Fighting
 61197 | Snake:4  | Got a serpentine rune of Zot
 63972 | D:15     | Found a sparkling altar of Nemelex Xobeh.
 64095 | D:15     | Found a staircase to the Depths.
 65048 | D:15     | Killed Kirke
 67417 | Shoals:3 | Reached XP level 18. HP: 95/95 MP: 33/33
 68055 | Shoals:4 | Got a barnacled rune of Zot
 68938 | Elf:1    | Entered Level 1 of the Elven Halls
 69004 | Elf:1    | Gained mutation: You are dopey. (Int -2) [a neqoxec]
 69422 | Elf:1    | Found War Ages's Distillery.
 69424 | Elf:1    | Found Gioddear's General Store.
 69424 | Elf:1    | Found Fucy's Magic Scroll Shoppe.
 69427 | Elf:1    | Found Raqi's Book Emporium.
 69429 | Elf:1    | Bought a potion of might for 68 gold pieces
 69442 | Elf:1    | Bought a scroll of acquirement for 780 gold pieces
 69442 | Elf:1    | Acquired a +2 rapier of distortion
 69474 | Elf:1    | Found Jafiecevuc's Tremendous Tomes.
 69585 | Elf:1    | Got the Quarto of Attendants
 70435 | Elf:2    | Noticed Roxanne
 70869 | Elf:2    | Reached ***** piety under Wu Jian
 71016 | Elf:1    | Bought a scroll of enchant weapon for 112 gold pieces
 71142 | Elf:1    | Noticed an Ice Fiend
 71143 | Elf:1    | Noticed a Brimstone Fiend
 71215 | Elf:1    | Reached skill level 27 in Stealth
 71554 | Elf:2    | Found a huge runed translucent gate.
 71554 | Elf:2    | Found a huge runed translucent gate.
 71562 | Elf:2    | Found a huge runed translucent gate.
 71875 | Elf:2    | Found a huge runed translucent gate.
 71875 | Elf:2    | Found a huge runed translucent gate.
 71910 | Elf:2    | Found a huge runed translucent gate.
 71910 | Elf:2    | Found a huge runed translucent gate.
 71921 | Elf:2    | Found a huge runed translucent gate.
 72855 | Elf:2    | Found a huge runed translucent gate.
 72855 | Elf:2    | Found a huge runed translucent gate.
 72883 | Elf:3    | Entered Level 3 of the Elven Halls
 74681 | Elf:3    | Reached XP level 19. HP: 103/103 MP: 34/34
 75057 | Elf:3    | Identified the +6 rapier of Kefrust {holy, *Rage rF+ rC+
                  | MP+9}
 75922 | Elf:3    | Identified the +0 falchion "Zuyfiub" {heavy, *Noise Int+7}
 76390 | Elf:3    | Identified the amulet "Tepumoboil" {Faith SInv}
 76716 | Elf:3    | Identified the +2 plate armour "Noirun" {Int+2}
 76914 | Elf:3    | Identified the +11 spear "Xiuggin" {speed, *Rage rCorr
                  | Int-2 Dex+6}
 78409 | Elf:3    | Got the Tractate on the Entranced Graveyard
 78500 | Elf:3    | Got the Volume of Limned Stolen Souls
 78507 | Elf:3    | Got Sif Muna's Octavo of the Ill-fated Commander
 79040 | Elf:3    | Identified the staff of the Head {rC+ Will- Int+6 Ice}
 79764 | Vaults:1 | Entered Level 1 of the Vaults
 79767 | Vaults:1 | Reached skill level 1 in Evocations
 80453 | Vaults:1 | Noticed Donald
 80493 | Vaults:1 | Banished Donald
 80805 | Vaults:1 | Got the Parchment of the Changed Coals
 80882 | Vaults:1 | Reached skill level 5 in Evocations
 81416 | Vaults:1 | Identified the +5 cloak "Rotison" {rElec Str+5}
 81430 | Vaults:1 | Found Fuinuxza's Weapon Boutique.
 81964 | Vaults:2 | Identified the ring "Hyptoph" {rF+ MP+9 Int+3 Dex-5 SInv}
 82134 | Vaults:2 | Reached XP level 20. HP: 111/111 MP: 35/35
 83206 | Vaults:2 | Found a staircase to the Crypt.
 83243 | Vaults:2 | Found Rosienoxt's Armour Boutique.
 83575 | Vaults:2 | Reached ****** piety under Wu Jian
 84186 | Vaults:3 | Reached skill level 15 in Fighting
 84186 | Vaults:3 | Reached skill level 10 in Evocations
 85644 | Vaults:4 | Found a runed translucent door.
 85646 | Vaults:4 | Noticed Arghirug's ghost (adept HOFi)
 85751 | Vaults:4 | Banished Arghirug's ghost
 85764 | Vaults:4 | Identified the +1 chain mail of the Dungeon {rF++}
 86303 | Vaults:4 | Reached XP level 21. HP: 118/118 MP: 37/37
 86875 | Vaults:4 | Got the Thoughts on the Syncline
 86879 | Vaults:4 | Got the Essays on the Boggart and Coordinates
 86895 | Vaults:4 | Got the Opusculum on the Voltaic Commander
 86900 | Vaults:4 | Acquired the amulet of Ovuhehi {Reflect Rampage rC++ Int+3
                  | SH+5}
 88049 | Depths:1 | Entered Level 1 of the Depths
 88485 | D:15     | Found a sparkling altar of Nemelex Xobeh.
 88786 | D:15     | Learned a level 7 spell: Enfeeble
 88795 | D:15     | Learned a level 8 spell: Discord
 88801 | D:15     | Learned a level 5 spell: Yara's Violent Unravelling
 90207 | Snake:2  | Banished Mlioglotl
 90682 | Shoals:3 | Banished Bai Suzhen
 91092 | Lair:5   | Killed Essalna's ghost
 91433 | Elf:2    | Killed Roxanne
 93441 | Depths:1 | Found a gateway to Hell.
 93570 | Depths:1 | Found a bloodstained altar of Trog.
 93647 | Depths:1 | Identified the +0 scimitar of the Ship {spect, rC+++ MP+9
                  | Int-3}
 93775 | Depths:1 | Reached skill level 15 in Hexes
 93966 | Depths:2 | Found Awitemik's Distillery.
 94224 | Depths:2 | Reached XP level 22. HP: 125/125 MP: 40/40
 94239 | Depths:2 | Identified the +1 double sword of Nilickip {elec, *Noise
                  | Dex+5}
 94969 | Depths:2 | Noticed a golden dragon
 95230 | Depths:2 | Found a one-way gate leading to the halls of Pandemonium.
 95258 | Depths:2 | Found a one-way gate to the infinite horrors of the Abyss.
 95742 | Depths:2 | Found a one-way gate to the infinite horrors of the Abyss.
 95766 | Depths:2 | Found a one-way gate leading to the halls of Pandemonium.
 95904 | Depths:2 | Found Awitemik's Distillery.
 96284 | Depths:2 | Found Awitemik's Distillery.
 96309 | Depths:2 | Found a one-way gate to the infinite horrors of the Abyss.
 96333 | Depths:2 | Found a one-way gate leading to the halls of Pandemonium.
 96457 | Depths:2 | Banished a golden dragon
 97241 | Elf:1    | Bought a scroll of enchant armour for 112 gold pieces
 97583 | Depths:3 | Found Riciss's Assorted Antiques.
 97840 | Depths:3 | Found Odi Toto's Weapon Shoppe.
 98314 | Depths:3 | Identified the +1 leather armour of Amelioration {Harm rF+
                  | Stlth-}
 98369 | Depths:3 | Reached skill level 27 in Dodging
 98370 | Depths:3 | Found a runed translucent door.
 98401 | Depths:3 | Noticed Piudghapt's ghost (journeyman SpBr)
 98442 | Depths:3 | Killed Piudghapt's ghost
 98487 | Depths:3 | Found a runed translucent door.
 98487 | Depths:3 | Noticed a golden dragon
 98487 | Depths:3 | Noticed Jounuxep's ghost (adept KoGl)
 98561 | Depths:3 | Killed Jounuxep's ghost
 98583 | Depths:3 | Banished a golden dragon
 98590 | Depths:3 | Found a runed translucent door.
 98590 | Depths:3 | Noticed Morbidden's ghost (veteran DsSh)
 98689 | Depths:3 | Found a corrupted altar of Lugonu.
 98801 | Depths:3 | Reached skill level 1 in Armour
 98846 | Depths:3 | Found Routafah's Weapon Emporium.
 98909 | Depths:3 | Got the Atlas of Quantum Evolution
 99293 | Depths:4 | Entered Level 4 of the Depths
 99317 | Depths:4 | Noticed a juggernaut
 99522 | Depths:4 | Found a gate to the Realm of Zot.
 99619 | Depths:4 | Found a one-way gateway to a ziggurat.
 99626 | Depths:4 | Noticed a juggernaut
 99690 | Depths:4 | Killed a juggernaut
100230 | Depths:4 | Found an ornate altar of the Wu Jian Council.
100488 | Depths:4 | Reached skill level 15 in Spellcasting
100631 | Depths:3 | Killed a juggernaut
101466 | Depths:4 | Learned a level 4 spell: Anguish
102343 | Elf:1    | Bought a scroll of fear for 48 gold pieces
102343 | Elf:1    | Bought a scroll of fog for 48 gold pieces
102666 | Depths:2 | Bought a potion of berserk rage for 80 gold pieces
102666 | Depths:2 | Bought a potion of invisibility for 128 gold pieces
102838 | Vaults:5 | Entered Level 5 of the Vaults
102887 | Vaults:5 | Reached XP level 23. HP: 112/131 MP: 43/43
103124 | Vaults:5 | Noticed a dread lich
103134 | Vaults:5 | Identified the ring of Veodont {rF- AC+4 Slay+5}
103137 | Vaults:5 | Killed a dread lich
103293 | Vaults:5 | Identified the +3 quarterstaff of the Ecumenical Temple
                  | {drain, Str+4}
103476 | Vaults:5 | Noticed Xtahua
103484 | Vaults:5 | Killed Xtahua
103654 | Vaults:5 | Got a silver rune of Zot
103886 | Vaults:5 | Identified the staff "Uxi Suel" {Fragile +Blink Stlth- Ice
                  | Earth}
104368 | Vaults:5 | Identified the +2 hand axe of the Tundras {elec, rElec
                  | Int-5 Dex+3}
105132 | Zot:1    | Entered Level 1 of the Realm of Zot
105596 | Depths:4 | Found a gate to the Realm of Zot.
105908 | Depths:4 | Found an ornate altar of the Wu Jian Council.
106133 | Depths:4 | Found a one-way gateway to a ziggurat.
106666 | Depths:4 | Reached skill level 5 in Armour
106780 | Zot:1    | Found a transporter.
106781 | Zot:1    | Found a transporter.
107081 | Depths:4 | Found a one-way gateway to a ziggurat.
107155 | Depths:4 | Found a gate to the Realm of Zot.
107364 | Zot:1    | Reached XP level 24. HP: 129/130 MP: 45/45
107494 | Zot:1    | Found a transporter.
107495 | Zot:1    | Found a transporter.
107508 | Zot:1    | Found a transporter.
107509 | Zot:1    | Found a transporter.
107916 | Zot:2    | Learned a level 1 spell: Apportation
108056 | Zot:2    | Found the +4 dragonskin cloak
108056 | Zot:2    | Noticed Tiamat
108080 | Zot:2    | Banished Tiamat
108213 | Zot:2    | Found a transporter.
108215 | Zot:2    | Found a transporter.
108217 | Zot:2    | Noticed an orb of fire
108220 | Zot:2    | Found a transporter.
108220 | Zot:2    | Noticed an orb of fire
108236 | Zot:2    | Found a transporter.
108355 | Zot:2    | Found a transporter.
108371 | Zot:2    | Found a runed translucent gate.
108372 | Zot:2    | Found a runed translucent gate.
108373 | Zot:2    | Noticed Sisiakhle's ghost (legendary KoDe)
108374 | Zot:2    | Found a runed translucent gate.
108466 | Zot:2    | You fall into a shaft and drop 1 floor!
108521 | Zot:2    | Found a viscous altar of Jiyva.
109132 | Zot:2    | Noticed Vv
109221 | Zot:2    | Killed Vv
113069 | Zot:4    | Noticed an orb of fire
113658 | Zot:4    | Banished an orb of fire
113737 | Zot:4    | Identified the +7 dagger of Sharkskin {flame, rC+ rCorr
                  | Str+3}
113738 | Zot:4    | Got Vinauzuo's Encyclopedia of The Black Sun
114968 | Elf:1    | Bought a potion of mutation for 136 gold pieces
114968 | Elf:1    | Bought a potion of curing for 51 gold pieces
114968 | Elf:1    | Bought a potion of curing for 51 gold pieces
114968 | Elf:1    | Bought a potion of enlightenment for 85 gold pieces
114968 | Elf:1    | Bought a potion of lignification for 51 gold pieces
115449 | Zot:5    | Entered Level 5 of the Realm of Zot
115526 | Zot:5    | Reached XP level 25. HP: 104/144 MP: 35/48
116426 | Zot:5    | Noticed an orb of fire
116537 | Zot:5    | Noticed a Killer Klown
116550 | Zot:5    | Banished a Killer Klown
116654 | Zot:5    | Noticed a Killer Klown
116655 | Zot:5    | Noticed an ancient lich
116744 | Zot:5    | Noticed an orb of fire
116779 | Zot:5    | Killed an orb of fire
116898 | Zot:5    | Killed a Killer Klown
116945 | Zot:5    | Noticed an ancient lich
117062 | Zot:5    | Banished an ancient lich
117164 | Zot:5    | Noticed an orb of fire
117819 | Zot:5    | Banished an ancient lich
118056 | Zot:5    | Noticed a dread lich
118285 | Zot:5    | Banished a dread lich
118348 | Zot:5    | Noticed a dread lich
118392 | Zot:5    | Banished a dread lich
118850 | Zot:5    | Noticed a dread lich
118877 | Zot:5    | Killed a dread lich
119041 | Zot:5    | Identified the orb of Dithmenos's Envy {*Rage, Rampage
                  | rPois}
119050 | Zot:5    | Noticed a Killer Klown
119051 | Zot:5    | Noticed a dread lich
119119 | Zot:5    | Killed a Killer Klown
119246 | Zot:5    | Killed a dread lich
119703 | Zot:5    | Noticed a Killer Klown
119705 | Zot:5    | Gained mutation: You are frail. (-10% HP) [an orb of fire]
119707 | Zot:5    | Gained mutation: Potions are less effective at restoring
                  | your health. [an orb of fire]
119712 | Zot:5    | Banished an orb of fire
119713 | Zot:5    | Reached skill level 10 in Shields
119726 | Zot:5    | Killed a Killer Klown
119954 | Zot:5    | Lost mutation: Potions are less effective at restoring your
                  | health. [potion of mutation]
119954 | Zot:5    | Lost mutation: You are frail. (-10% HP) [potion of
                  | mutation]
119954 | Zot:5    | Lost mutation: You are dopey. (Int -2) [potion of mutation]
119954 | Zot:5    | Gained mutation: You have a pair of small horns on your
                  | head. [potion of mutation]
119954 | Zot:5    | Lost mutation: You have a pair of small horns on your head.
                  | [potion of mutation]
119954 | Zot:5    | Gained mutation: You have large cloven feet. [potion of
                  | mutation]
120020 | Zot:5    | Noticed an ancient lich
120071 | Zot:5    | Killed an ancient lich
120185 | Zot:5    | Gained mutation: You sometimes lose your temper in combat.
                  | [an orb of fire]
120199 | Zot:5    | Killed an orb of fire
120883 | Zot:5    | Noticed a dread lich
120968 | Zot:5    | Banished a dread lich
121195 | Zot:5    | Lost mutation: You sometimes lose your temper in combat.
                  | [potion of mutation]
121195 | Zot:5    | Lost mutation: You have large cloven feet. [potion of
                  | mutation]
121195 | Zot:5    | Gained mutation: You are weak. (Str -2) [potion of
                  | mutation]
121195 | Zot:5    | Gained mutation: Your spells are a little harder to cast,
                  | but a little more powerful. [potion of mutation]
121195 | Zot:5    | Lost mutation: You are weak. (Str -2) [potion of mutation]
121198 | Zot:5    | Got the Orb of Zot
121268 | Zot:4    | Noticed Taburph the pandemonium lord
121625 | D:11     | Noticed Cuylup the pandemonium lord
121641 | D:10     | Noticed Etzeas the pandemonium lord
121642 | D:10     | Banished Etzeas the pandemonium lord
121817 | D:$      | Escaped with the Orb!

Illustrated notes

Levels and vault maps discovered:
D:1:      minmay_arrival_jagged, layout_basic
D:2:      layout_basic, uniq_natasha
D:3:      layout_basic, slow_altar_2, lemuel_tele_altar
D:4:      kennysheep_six_static_rooms, layout_rooms,
          mainiacjoe_overflow_surrounded_room, ebering_dispersal_statue_hall
D:5:      layout_basic, vehumet_crystals, saegor_snake_ambush
D:6:      layout_loops_ring, nicolae_overflow_crystal_walls,
          nicolae_tso_carved_into_rock, uniq_eustachio
D:7:      layout_loops_ring, minmay_temple_entry_offerings, enter_bailey_7,
          nicolae_kite_square_tiling_tiny
D:8:      layout_cave_pools, corexii_hall_statues_t, uniq_joseph, uniq_gastronok
D:9:      layout_stronghold, grunt_temple_overflow_order_and_chaos_2,
          onia_ninara_cookie
D:10:     layout_rooms, nrook_pool_corridor
D:11:     layout_roguey, david_lair_generic, orc_0_dummy, lightli_corner_chamber
D:12:     layout_basic
D:13:     layout_basic, nicolae_trove_entry_isolated,
          nrook_guardian_serpent_ordinary
D:14:     layout_roguey, ximxim_vaults_locker_room, minmay_strange_pillars,
          nicolae_shop_clearance
D:15:     gammafunk_depths_entry_grave, layout_loops_cross,
          nemelex_lonely_heart_becter, uniq_kirke
Lair:1:   layout_layer_cave
Lair:2:   layout_long_grid, lemuel_fruit_fields, infiniplex_staircase_pool_2
Lair:3:   layout_hall_layers, elwin_shoals_entry_rooms,
          minmay_snake_entry_guardpost_medium, special_room
          [special_room_mythical_zoo], cheibrodos_lair_caveside_slide,
          lemuel_fruit_tree, uniq_urug
Lair:4:   layout_roguey, basic_altar, serial_bayou_crossing
Lair:5:   grunt_lair_end_beastmaster, layout_misc_corridors, slime_entry_1,
          gammafunk_ghost_grave
Shoals:1: cheibrodos_shoals_oceanic_diplomacy, layout_shoals, centaur_isle
Shoals:2: layout_shoals, uniq_polyphemus
Shoals:3: layout_shoals, lightli_airlock
Shoals:4: shoals_end_hellmonk_lost_city, serial_shops, uniq_bai_suzhen
Snake:1:  layout_concentric_octagons, minmay_shop_star, uniq_josephine
Snake:2:  layout_layer_cave, grunt_megastairs_3, uniq_mlioglotl, uniq_aizul
Snake:3:  layout_onion_interference, serial_shops, bzr_entry_dummy,
          uniq_asterion
Snake:4:  johnstein_snake_rune_scales, layout_layer_cave
Orc:1:    layout_diamond_mine, portal_ice_cave_demonic_guard
Orc:2:    grunt_orc_cross, layout_caves, uniq_nessos
Elf:1:    nicolae_elf_arrival_no_cutting_in_line, layout_geoelf_octagon,
          minmay_elf_demonology, nicolae_shop_i_like_big_books,
          kilobyte_rumbling_trees, minmay_shoptagon
Elf:2:    elven_hall_of_blades_hangedman_alternative
          [nicolae_blade_entry_pointy_end], layout_geoelf_octagon,
          minmay_the_grid_2x2 [minmay_the_grid_garden, minmay_the_grid_all_tris,
          minmay_the_grid_paths, minmay_the_grid_prize_inner_circle],
          uniq_roxanne
Elf:3:    minmay_elf_hall_hex, layout_loops_corners
Vaults:1: ontoclasm_vaults_ring_small, nicolae_vaults_more_shelving_1,
          nicolae_vaults_cornered_office, vaults_dpeg_doors, st_cells,
          nicolae_vaults_stepped_doors, ontoclasm_vaults_tryst, v_alt_pattern_6,
          nicolae_vaults_sightless_eye, nicolae_vaults_diamond_2,
          nicolae_vaults_windows_and_doors_thing,
          nicolae_vaults_offset_grid_hallway_4, ontoclasm_vaults_ligature,
          vaults_mumra_chevron_long, nicolae_vaults_trapezoid_layered,
          grunt_vaults_hallway_short, nicolae_vaults_apartment_1,
          layout_vaults_maze, serial_shops, nicolae_shop_hallway_stairs,
          uniq_donald
Vaults:2: vaults_room_hangedman_quadrants, nicolae_vaults_specimen_jars,
          nicolae_vaults_storage_closets_1, v_pattern_3,
          vaults_room_fancy_cross, minmay_crypt_entry_simple_corners,
          nicolae_vaults_surprise_closet, nicolae_vaults_circle_grid_b,
          hangedman_vaults_cutoff, nicolae_vaults_trapezoid_3, v_misc_25,
          dpeg_vaults_monster_box, layout_vaults_chaotic_city
Vaults:3: v_alt_pattern_1, vaults_room_fours, ontoclasm_vaults_decontamination,
          nicolae_vaults_network_square, v_misc_10, layout_vaults_quadrants
Vaults:4: ebering_ghost_reflecting_pool, nicolae_vaults_little_squares_4,
          nicolae_vaults_little_squares_2, nicolae_vaults_big_ls,
          v_alt_pattern_2, nicolae_vaults_octothorpe,
          nicolae_vaults_heart-shaped_vault, v_misc_19,
          nicolae_vaults_trapezoid_3, nicolae_vaults_two_Ls, grunt_vaults_focal,
          v_misc_19, nicolae_vaults_library_corner, layout_vaults_ring
Vaults:5: uniq_xtahua
Depths:1: layout_cave_pools, nicolae_the_louvre, lightli_too_deep,
          lightli_enter_wizlab_magi_temple, evilmike_spriggan_trog_shrine
Depths:2: minmay_glassy_protrusions, layout_cave_shapes,
          abyss_entry_small_statue_room, pan_entry, serial_shops,
          nicolae_shop_behind_doors, hangedman_tar_grid_catacomb,
          infiniplex_staircase_spiral
Depths:3: lemuel_flame_loot_2, layout_cave_shapes, serial_shops, shop,
          shop_fountains, nicolae_shop_tiny_statue_garden,
          pf_vacation_house_of_asmodeus, abyss_entry_flame_altar,
          muffindrake_ghost_three_little_ghosts, fountainhead,
          kennysheep_two_boxes, minmay_staircase_bubble
Depths:4: evilmike_zot_entry_argh, layout_honeycomb, enter_ziggurat_a,
          hell_entry, lemuel_doored_altar, abyss_entry, serial_bayou_shore_a
Zot:1:    layout_onion, serial_nicolae_subway, nicolae_sub_station_stone,
          nicolae_sub_station_metal, nicolae_sub_station_crystal
Zot:2:    gammafunk_the_bubble [the_bubble_gammafunk_roulette],
          layout_cathedral_of_symmetry, gammafunk_ghost_ooze, bh_zot_lava_cross,
          uniq_tiamat, uniq_vv
Zot:3:    layout_cathedral_of_symmetry
Zot:4:    dreamdust_black_sun_cult, layout_basic
Zot:5:    layout_gridlike

Skill      XL: |  1  2  3  4  5  6  7  8  9 10 11 12 13 14 15 16 17 18 19 20 21 22 23 24 25 |
---------------+----------------------------------------------------------------------------+-----
Short Blades   | 2 3 4 6 7 9 11 12 13 14 | 14.0
Fighting       | 1 2 3 4 5 6 7 9 10 12 14 15 16 17 18 19 | 19.0
Stealth        | 5 6 7 8 9 11 13 15 18 19 20 22 24 25 27 | 27.0
Dodging        | 5 8 11 12 13 15 17 18 20 22 24 25 26 27 | 27.0
Hexes          | 4 8 12 14 15 17 19 21 22 | 22.6
Spellcasting   | 4 8 10 11 13 15 17 20 21 | 21.6
Translocations | 1 8 |  8.0
Air Magic      | 2 |  2.0
Shields        | 4 5 8 10 | 10.5
Evocations     | 6 11 | 11.0
Armour         | 3 5 6 |  6.5

Action                     |  1- 3 |  4- 6 |  7- 9 | 10-12 | 13-15 | 16-18 | 19-21 | 22-24 | 25-27 || total
---------------------------+-------+-------+-------+-------+-------+-------+-------+-------+-------++-------
  Melee: Dagger            |   160 |   185 |    94 |       |       |       |       |       |       ||   439
         Punch             |     4 |       |     3 |    16 |    25 |       |       |       |       ||    48
         Rapier            |       |       |   106 |       |       |  2019 |  1988 |  2327 |   375 ||  6815
         Quick blade       |       |       |    57 |   423 |   492 |       |       |       |       ||   972
         Short sword       |       |       |       |   475 |  1669 |    85 |       |       |       ||  2229
         Kick              |       |       |       |       |       |       |       |       |    60 ||    60
  Throw: Dart              |       |       |     4 |     3 |       |     1 |       |       |       ||     8
         Throwing net      |       |       |       |     2 |       |     3 |       |       |       ||     5
   Cast: Ensorcelled Hiber |     2 |    24 |    50 |   227 |   242 |   216 |    10 |       |       ||   771
         Tukima's Dance    |       |       |       |    16 |    20 |   132 |    20 |     3 |       ||   191
         Vhi's Electric Ch |       |       |       |       |     1 |       |     1 |       |       ||     2
         Enfeeble          |       |       |       |       |       |       |       |    85 |   113 ||   198
         Yara's Violent Un |       |       |       |       |       |       |       |    18 |     3 ||    21
         Anguish           |       |       |       |       |       |       |       |     4 |     1 ||     5
         Discord           |       |       |       |       |       |       |       |       |     2 ||     2
 Invoke: Serpent's Lash    |       |       |       |    32 |    55 |    34 |    23 |    28 |    12 ||   184
         Heavenly Storm    |       |       |       |       |       |       |       |     2 |       ||     2
Ability: Lunge             |       |     6 |    22 |   126 |   185 |   166 |   161 |     9 |     1 ||   676
         Whirlwind         |       |       |     1 |   112 |   773 |   231 |   468 |   635 |    26 ||  2246
         Wall Jump         |       |       |       |       |       |     7 |       |     1 |       ||     8
  Evoke: Wand              |       |       |    11 |     7 |    22 |    16 |    14 |     6 |    18 ||    94
         Phantom mirror    |       |       |       |       |       |     2 |     2 |     1 |     1 ||     6
         Phial of floods   |       |       |       |       |       |       |     2 |       |       ||     2
    Use: Scroll            |       |     3 |     9 |    10 |    12 |    17 |     6 |     9 |       ||    66
         Potion            |       |     2 |       |     1 |     1 |    12 |     1 |    13 |     6 ||    36
   Stab: Sleeping          |     9 |    19 |    40 |   120 |   183 |   154 |   118 |    51 |       ||   694
         Distracted        |       |     3 |     3 |     6 |    11 |    31 |    38 |    18 |     4 ||   114
         Invisible         |       |     2 |       |       |       |       |       |    53 |    43 ||    98
         Held in net/web   |       |       |       |     1 |       |     1 |       |       |       ||     2
         Petrified         |       |       |       |       |     1 |       |       |       |       ||     1
         Fleeing           |       |       |       |       |       |     1 |       |       |       ||     1
 Armour: Robe              |     9 |     4 |     5 |     4 |       |       |       |       |       ||    22
         Troll leather arm |       |       |       |     5 |    42 |    69 |    53 |    77 |    10 ||   256
  Dodge: Dodged            |    98 |   135 |   130 |   307 |   758 |  1396 |  1060 |  1559 |   174 ||  5617
  Block: Buckler           |       |       |       |       |    29 |   437 |   514 |   906 |   105 ||  1991
         Reflection        |       |       |       |       |       |       |     5 |    23 |     1 ||    29

Table legend: (Time is in decaauts)
 A = Elapsed time spent in this place.
 B = Non-inter-level travel time spent in this place.
 C = Inter-level travel time spent in this place.
 D = Time resting spent in this place.
 E = Time spent auto-exploring this place.
 F = Levels seen in this place.
 G = Mean time per level.
                   A        B        C        D        E       F      G
               +--------+--------+--------+--------+--------+-----+--------+
         Total |  88671 |  81576 |   7095 |  30171 |  29440 |  50 | 1773.4 |
       Dungeon |  22973 |  20163 |   2810 |   6898 |   8289 |  15 | 1531.5 |
          Lair |   7814 |   6761 |   1053 |   2360 |   2611 |   5 | 1562.8 |
        Shoals |   6739 |   6342 |    397 |   2170 |   2533 |   4 | 1684.8 |
     Snake Pit |  12295 |  12011 |    284 |   4673 |   4687 |   4 | 3073.8 |
  Orcish Mines |   2988 |   2303 |    685 |    610 |    702 |   2 | 1494.0 |
   Elven Halls |   8977 |   8334 |    643 |   4513 |   2022 |   3 | 2992.3 |
        Vaults |   6942 |   6638 |    304 |   1251 |   2877 |   5 | 1388.4 |
        Depths |   8020 |   7514 |    506 |   2461 |   2831 |   4 | 2005.0 |
           Zot |  10321 |   9911 |    410 |   4659 |   2476 |   5 | 2064.2 |
        Bazaar |     63 |     63 |      0 |      0 |     52 |   1 |   63.0 |
        Bailey |   1485 |   1485 |      0 |    569 |    355 |   1 | 1485.0 |
      Ice Cave |     50 |     50 |      0 |      3 |      0 |   1 |   50.0 |
               +--------+--------+--------+--------+--------+-----+--------+

Top non-repeatable levels by time:
 Snake:4: 5863 daAuts
   Elf:3: 5053 daAuts
    D:15: 4192 daAuts
   Zot:5: 3972 daAuts
Shoals:3: 3766 daAuts
  Lair:3: 3398 daAuts
Depths:4: 3299 daAuts
 Snake:3: 2574 daAuts
   Elf:2: 2530 daAuts
     D:9: 2525 daAuts
   Zot:4: 2301 daAuts
Depths:2: 2236 daAuts
     D:7: 2230 daAuts
    D:14: 2106 daAuts
   Zot:3: 1986 daAuts
